[Event "Team 45 45 League T38"]
[Site "Internet Chess Club"]
[Date "2008.07.28"]
[Round "1"]
[White "ddlj81"]
[Black "jefferyx"]
[Result "0-1"]
[WhiteElo "1843"]
[BlackElo "1815"]
[Opening "Sicilian: Richter-Rauzer, Rauzer attack, 7...Be7 defense, 9...Nxd4"]
[ECO "B65"]
[Time "20:59:38"]
[TimeControl "2700+45"]

1. e4 c5 2. Nf3 d6 3. d4 cxd4 4. Nxd4 Nf6 5. Nc3 Nc6 6. Bg5 e6 7. Qd2 Be7 8.
O-O-O O-O 9. f4 Nxd4 10. Qxd4 Qa5 11. Bc4 Bd7 12. e5 dxe5 13. fxe5 Bc6 14. Bxf6
gxf6 15. Rhe1 Rfd8 16. Qg4+ Kh8 17. Rxd8+ Rxd8 18. Qh5 Be8 19. Re3 Bf8 20. Rh3
h6 21. Bb5 Qc7 22. Bxe8 Rxe8 23. exf6 Qf4+ 24. Kb1 Qf1+ 25. Qd1 Qxf6 26. Rf3 Qg6
27. Rg3 Qf5 28. Rf3 Qh5 29. Ne4 Bg7 30. Qd7 Rf8 31. Nd6 Qe5 32. c3 Qe1+ 33. Kc2
Qe2+ 34. Kb3 Qd1+ 35. Ka3 Kh7 36. Qe7 Qd5 37. Nxf7 Qa5+ 38. Kb3 Qd5+ 39. c4 Qd1+
40. Ka3 Qc1 41. Ng5+ Qxg5 42. Qxe6 Rxf3+ 43. gxf3 Qe5 44. Qxe5 Bxe5 45. h3 Kg6
46. b4 Kg5 47. Kb3 Kf4 48. a4 Kxf3 49. b5 b6 50. c5 bxc5 51. Kc4 Bc7 52. Kxc5
Kg3 53. Kb4 Kxh3 54. a5 Kg4 55. b6 Bxb6 56. axb6 axb6 57. Kb5 h5 58. Kxb6 h4 59.
Kc5 h3 60. Kd4 h2 {White resigns} 0-1

[Event "Team 45 45 League T38"]
[Site "Internet Chess Club"]
[Date "2008.07.25"]
[Round "1"]
[White "Fegary"]
[Black "RandyPCC"]
[Result "1-0"]
[WhiteElo "2033"]
[BlackElo "1768"]
[Opening "Petrov: classical attack"]
[ECO "C42"]
[Time "12:00:08"]
[TimeControl "2700+45"]

1. e4 e5 2. Nf3 Nf6 3. Nxe5 d6 4. Nf3 Nxe4 5. d4 d5 6. Bd3 Bg4 7. c4 c6 8. O-O
Be7 9. cxd5 Qxd5 10. Re1 Nf6 11. Nc3 Qd8 12. Qb3 b6 13. Ne5 Be6 14. Bc4 Nd5 15.
Nxc6 Nxc6 16. Nxd5 O-O 17. Nxe7+ Qxe7 18. d5 Qb4 19. Qxb4 Nxb4 20. dxe6 Nc2 21.
exf7+ Kh8 22. Bg5 b5 23. Be7 bxc4 24. Bxf8 Nxa1 25. Re8 {Black resigns} 1-0

[Event "Team 45 45 League T38"]
[Site "Internet Chess Club"]
[Date "2008.07.24"]
[Round "1"]
[White "tenor"]
[Black "qs16"]
[Result "1/2-1/2"]
[WhiteElo "1765"]
[BlackElo "1701"]
[Opening "Sicilian: Najdorf, Opocensky variation"]
[ECO "B92"]
[Time "13:00:19"]
[TimeControl "2700+45"]

1. e4 c5 2. Nf3 d6 3. d4 cxd4 4. Nxd4 Nf6 5. Nc3 a6 6. Be2 e5 7. Nb3 Be7 8. Be3
O-O 9. O-O Be6 10. f4 exf4 11. Bxf4 Nc6 12. Bf3 Rc8 13. Nd5 Ne5 14. c3 Nxd5 15.
exd5 Bf5 16. Nd4 Bg6 17. Qd2 Bf6 18. Be2 Qb6 19. Be3 Qd8 20. b3 Qa5 21. Rac1
Qxd5 22. c4 Qe4 23. Rf4 Nxc4 24. Rxc4 Qb1+ 25. Rf1 Qe4 26. Bf3 Qe7 27. Rfc1 Rxc4
28. Rxc4 Re8 29. Bf2 h6 30. Ne2 d5 31. Rc5 Be4 32. Bxe4 dxe4 33. Be3 Bg5 34.
Bxg5 Qxc5+ 35. Be3 Qe7 36. Ng3 Rd8 37. Qe2 Rd3 38. Bf2 Qe5 39. Nxe4 Qa1+ 40. Be1
Qd4+ 41. Nf2 Re3 42. Qd2 Qe5 43. Kf1 Qb5+ 44. Kg1 Qe5 45. Kf1 Qb5+ 46. Kg1 Qe8
47. Kf1 Qb5+ 48. Kg1 Qe8 49. Kf1 Qb5+ 50. Kg1 Qe8 {Game drawn by repetition}
1/2-1/2

[Event "Team 45 45 League T38"]
[Site "Internet Chess Club"]
[Date "2008.07.27"]
[Round "1"]
[White "keaaw"]
[Black "siddhu"]
[Result "1/2-1/2"]
[WhiteElo "1540"]
[BlackElo "1860"]
[Opening "two knights defense: Bogolyubov variation"]
[ECO "C58"]
[Time "13:40:20"]
[TimeControl "2700+45"]

1. e4 e5 2. Bc4 Nf6 3. Nf3 Nc6 4. Ng5 d5 5. exd5 Na5 6. Bb5+ c6 7. dxc6 bxc6 8.
Qf3 Qd5 9. Qxd5 Nxd5 10. Ba4 h6 11. Nf3 Bd6 12. Nc3 O-O 13. Bxc6 Nxc6 14. Nxd5
Be6 15. Nc3 Nb4 16. Kd1 f6 17. a3 Nc6 18. d3 Bg4 19. Be3 Ne7 20. Ne4 Bxf3+ 21.
gxf3 Rfd8 22. Nxd6 Rxd6 23. Bc5 Rd7 24. Bxe7 Rxe7 25. Ke2 a5 26. b4 Rb7 27. c4
axb4 28. axb4 Rxa1 29. Rxa1 Rxb4 30. Rc1 Kf7 31. Ke3 f5 32. f4 Ke6 33. fxe5 Kxe5
34. d4+ Kd6 35. h4 g5 36. hxg5 hxg5 37. c5+ Kd5 38. c6 Rb3+ 39. Ke2 Rb8 40. c7
Rc8 41. Kd3 Kd6 42. Rc5 Rxc7 43. Rxf5 Rg7 44. Ke3 Ke6 45. Rb5 g4 46. Kf4 Rf7+
47. Kg3 Rf3+ 48. Kg2 Rd3 49. d5+ Kd6 50. Rb8 Kc7 51. Rb5 Kd6 52. Rb4 Kxd5 53.
Rxg4 Ke5 54. f3 Kf5 55. Kg3 Rd1 56. Rf4+ Kg5 57. Re4 Kf5 58. Rb4 Rg1+ 59. Kf2
Rg8 60. f4 Ra8 61. Rc4 {Game drawn by mutual agreement} 1/2-1/2

[Event "Team 45 45 League T38"]
[Site "Internet Chess Club"]
[Date "2008.07.24"]
[Round "1"]
[White "GolfSuper"]
[Black "oldsj"]
[Result "1/2-1/2"]
[WhiteElo "1592"]
[BlackElo "1604"]
[Opening "Ruy Lopez: open, Bernstein variation"]
[ECO "C80"]
[Time "19:00:32"]
[TimeControl "2700+45"]

1. e4 e5 2. Nf3 Nc6 3. Bb5 a6 4. Ba4 Nf6 5. O-O Nxe4 6. d4 b5 7. Bb3 d5 8. dxe5
Be6 9. Nbd2 Nc5 10. c3 Be7 11. Bc2 O-O 12. Nb3 Nd7 13. Re1 a5 14. Qd3 g6 15.
Qxb5 Ndb8 16. Nc5 Bxc5 17. Qxc5 Ne7 18. Bh6 Nd7 19. Qd4 Re8 20. Bg5 c6 21. Qh4
h5 22. Bf6 Nf8 23. Ng5 Qd7 24. Nxe6 Qxe6 25. Qg5 Nh7 26. Qf4 Nf5 27. Bxf5 Qxf5
28. Qxf5 gxf5 29. Rad1 Nxf6 30. exf6 Re6 31. Rxe6 fxe6 32. Re1 Kf7 33. Re3 Kxf6
34. f4 Rg8 35. b3 c5 36. Rh3 Rh8 37. Kf2 Kg6 38. Re3 Kf6 39. g3 Rb8 40. Re2 Ke7
41. Rd2 Kd6 42. Kf3 Ke7 43. Ke3 Kd6 44. Kf3 Ke7 45. h3 Rg8 46. Rg2 Kf6 47. g4
fxg4+ 48. hxg4 hxg4+ 49. Rxg4 Rxg4 50. Kxg4 e5 51. fxe5+ Kxe5 52. Kf3 d4 53. Ke2
Ke4 54. cxd4 Kxd4 55. Kd2 c4 56. Kc2 c3 57. a3 a4 58. bxa4 Kc4 59. a5 Kb5 60. a6
Kxa6 61. Kxc3 Kb6 62. Kb4 Kc7 63. Ka5 Kc8 64. Kb6 Kb8 65. a4 Ka8 66. a5 Kb8 67.
Ka6 Ka8 {Game drawn by mutual agreement} 1/2-1/2

[Event "Team 45 45 League T38"]
[Site "Internet Chess Club"]
[Date "2008.07.27"]
[Round "1"]
[White "LuxAeterna"]
[Black "Solfege"]
[Result "0-1"]
[WhiteElo "1825"]
[BlackElo "1887"]
[Opening "Caro-Kann defense"]
[ECO "B12"]
[Time "09:59:45"]
[TimeControl "2700+45"]

1. e4 c6 2. d4 g6 3. Be3 Bg7 4. Bc4 d5 5. exd5 cxd5 6. Bb3 Nf6 7. Ne2 Nc6 8. O-O
O-O 9. c4 Bf5 10. h3 dxc4 11. Bxc4 Nb4 12. Nbc3 Rc8 13. Bb3 Nbd5 14. Bd2 Qd6 15.
Ng3 Be6 16. Rc1 Rfd8 17. Re1 Nc7 18. Bxe6 Nxe6 19. Nb5 Rxc1 20. Bxc1 Qb6 21. Na3
Nd5 22. Ne2 Nxd4 23. Nxd4 Bxd4 24. Qf3 Bxb2 25. Bxb2 Qxb2 26. Rb1 Qxa2 27. Rxb7
Qa1+ 28. Kh2 Qd4 29. Nb5 Qe5+ 30. g3 a5 31. Ra7 Qe6 32. Qa3 Qb6 33. Qxa5 Qxf2+
34. Kh1 Nc7 35. Qa1 Qf3+ 36. Kg1 {White resigns} 0-1

[Event "Team 45 45 League T38"]
[Site "Internet Chess Club"]
[Date "2008.07.26"]
[Round "1"]
[White "Karpyan"]
[Black "Avedldesierto"]
[Result "1/2-1/2"]
[WhiteElo "1816"]
[BlackElo "1789"]
[Opening "King's Indian: Sämisch variation"]
[ECO "E80"]
[Time "17:25:55"]
[TimeControl "2700+45"]

1. d4 Nf6 2. c4 g6 3. Nc3 Bg7 4. e4 d6 5. f3 c6 6. Be3 O-O 7. Nge2 Nbd7 8. Qd2
Qa5 9. Nc1 Qc7 10. Bd3 b6 11. N1e2 Re8 12. Bh6 Bxh6 13. Qxh6 e5 14. d5 Nc5 15.
Bc2 Ba6 16. b4 Ncd7 17. dxc6 Nf8 18. b5 Bc8 19. O-O a6 20. a4 Ne6 21. Qh4 Qe7
22. Qf2 Nc5 23. Nc1 Be6 24. Nd5 Bxd5 25. cxd5 axb5 26. Nd3 bxa4 27. Nxc5 bxc5
28. Bxa4 Reb8 29. Qc2 Qa7 30. Rfb1 c4+ 31. Kf1 Rxb1+ 32. Qxb1 Qd4 {Game drawn by
mutual agreement} 1/2-1/2

[Event "Team 45 45 League T38"]
[Site "Internet Chess Club"]
[Date "2008.07.25"]
[Round "1"]
[White "Ziah"]
[Black "Rainbird"]
[Result "0-1"]
[WhiteElo "1724"]
[BlackElo "1753"]
[Opening "Ruy Lopez: closed, Chigorin, 12...Nc6"]
[ECO "C98"]
[Time "19:04:50"]
[TimeControl "2700+45"]

1. e4 e5 2. Nf3 Nc6 3. Bb5 a6 4. Ba4 Nf6 5. O-O Be7 6. Re1 b5 7. Bb3 d6 8. c3
O-O 9. h3 Na5 10. Bc2 c5 11. d4 Qc7 12. Nbd2 Nc6 13. d5 Nd8 14. Nf1 Ne8 15. Ng3
g6 16. Nh2 f6 17. Ng4 Nf7 18. f4 Ng7 19. f5 Bd7 20. fxg6 hxg6 21. Rf1 Qd8 22.
Qf3 Ng5 23. Bxg5 fxg5 24. Qe2 Bxg4 25. Qxg4 Qc8 26. Rxf8+ Qxf8 27. Rf1 Qc8 28.
Bd1 c4 29. Qf3 Qc5+ 30. Qf2 Qxf2+ 31. Rxf2 Bd8 32. Kf1 Ne8 33. Bg4 Nf6 34. Be6+
Kg7 35. Ke2 Ra7 36. Kd2 a5 37. a3 Bb6 38. Re2 Bc5 39. Kc2 Ra8 40. Kd2 b4 41.
axb4 axb4 42. cxb4 Bxb4+ 43. Kc2 Ra2 44. Kb1 Ra7 45. Rc2 Rc7 46. Kc1 Be1 47. Ne2
Nxe4 48. Kd1 Ba5 49. Nc3 Bxc3 50. bxc3 Rb7 51. Ke2 Rb3 52. Bd7 Rxc3 53. Rxc3
Nxc3+ {White resigns} 0-1

[Event "Team 45 45 League T38"]
[Site "Internet Chess Club"]
[Date "2008.07.25"]
[Round "1"]
[White "RealChosenOne"]
[Black "catrasca"]
[Result "1/2-1/2"]
[WhiteElo "1717"]
[BlackElo "1690"]
[Opening "French: advance, Paulsen attack"]
[ECO "C02"]
[Time "15:00:39"]
[TimeControl "2700+45"]

1. e4 e6 2. d4 d5 3. e5 c5 4. c3 Nc6 5. Nf3 Qb6 6. a3 Nge7 7. b4 cxb4 8. axb4
Ng6 9. h4 Bd7 10. h5 Nge7 11. Bd3 h6 12. O-O a5 13. Nbd2 Rc8 14. bxa5 Nxa5 15.
Rb1 Qc7 16. Bb2 Nec6 17. Qe2 Be7 18. c4 dxc4 19. Nxc4 Nxc4 20. Bxc4 Nxd4 21.
Bxd4 Qxc4 22. Qxc4 Rxc4 23. Rxb7 Rc8 24. Rfb1 Bc6 25. Rb8 O-O 26. Rxc8 Rxc8 27.
Rc1 Bb7 28. Rxc8+ Bxc8 29. g4 Bb4 30. Kg2 Bb7 31. Kg3 Bxf3 32. Kxf3 g6 33. hxg6
fxg6 34. Be3 Kg7 35. Ke4 h5 36. gxh5 gxh5 37. f4 Kg6 38. Bf2 Be7 39. Bg3 h4 40.
Bf2 Bd8 41. Be1 h3 42. Bg3 Bh4 43. Bh2 Be1 44. Kf3 Kf5 45. Bg1 Bd2 46. Kg3 h2
47. Kxh2 Bxf4+ 48. Kg2 Kxe5 49. Kf3 Kf5 50. Bd4 Be5 51. Bc5 Bc3 52. Bd6 Bd4 53.
Bf4 Be5 54. Be3 {Game drawn by mutual agreement} 1/2-1/2

[Event "Team 45 45 League T38"]
[Site "Internet Chess Club"]
[Date "2008.07.27"]
[Round "1"]
[White "Berkshires"]
[Black "GolfSuper"]
[Result "1-0"]
[WhiteElo "1480"]
[BlackElo "1579"]
[Opening "Sicilian: Najdorf"]
[ECO "B90"]
[Time "12:27:56"]
[TimeControl "2700+45"]

1. e4 c5 2. Nf3 d6 3. d4 cxd4 4. Nxd4 Nf6 5. Nc3 a6 6. Bd3 e5 7. Nf3 h6 8. O-O
Be6 9. Re1 Be7 10. Qe2 O-O 11. Bc4 Bxc4 12. Qxc4 Nbd7 13. Be3 Rc8 14. Qd3 Nc5
15. Bxc5 Rxc5 16. Rad1 b5 17. b4 Rc4 18. a3 Qc7 19. Nd5 Nxd5 20. Qxd5 Rxc2 21.
Qd3 Qb6 22. Qxc2 Qb7 23. Rc1 Rd8 24. Qe2 Bf6 25. Red1 Be7 26. Rc3 Rc8 27. Rxc8+
Qxc8 28. Qd2 Qc4 29. Qd3 Qa2 30. Rd2 Qa1+ 31. Rd1 Qa2 32. Nd2 Qe6 33. Nf1 Qa2
34. Ne3 g6 35. Nd5 Bf8 36. g3 Kg7 37. Nc7 Be7 38. Ne8+ Kf8 39. Nxd6 Bxd6 40.
Qxd6+ Kg7 41. Qxe5+ {Black resigns} 1-0

[Event "Team 45 45 League T38"]
[Site "Internet Chess Club"]
[Date "2008.07.28"]
[Round "1"]
[White "Prop"]
[Black "beerss"]
[Result "1-0"]
[WhiteElo "1327"]
[BlackElo "1438"]
[Opening "Robatsch (modern) defense"]
[ECO "B06"]
[Time "20:02:39"]
[TimeControl "2700+45"]

1. e4 g6 2. Bc4 Bg7 3. Nf3 d6 4. O-O a6 5. d4 h6 6. c3 e6 7. e5 d5 8. Bb3 Ne7 9.
Be3 Nd7 10. c4 c6 11. Nc3 O-O 12. Qd2 g5 13. Qd3 f5 14. exf6 Bxf6 15. Rac1 Qe8
16. Bc2 Qf7 17. Rfe1 Nf5 18. Bd2 Be7 19. Ne5 Nxe5 20. Rxe5 Nxd4 21. Qxd4 c5 22.
Qe3 d4 23. Qe2 dxc3 24. Bxc3 Bd6 25. Re4 Bd7 26. Rd1 Bc7 27. f3 Rad8 28. b4 b6
29. bxc5 bxc5 30. Be5 Bxe5 31. Rxe5 a5 32. Rxc5 a4 33. Ra5 Ra8 34. Rxa8 Rxa8 35.
Qe4 Ra7 36. c5 Ra6 37. Rd4 Bc6 38. Rd8+ Kg7 39. Qh7+ Kf6 40. Qxh6+ Ke7 41. Rd6
Bb5 42. Rd2 Qf6 43. Qh7+ Qf7 44. Qh8 Qf8 45. Qd4 Kf7 46. Bd3 Bxd3 47. Rxd3 Qe8
{Black resigns} 1-0

[Event "Team 45 45 League T38"]
[Site "Internet Chess Club"]
[Date "2008.07.23"]
[Round "1"]
[White "slakkjaw"]
[Black "DaMelch"]
[Result "0-1"]
[WhiteElo "1295"]
[BlackElo "1295"]
[Opening "English: symmetrical, Benoni formation"]
[ECO "A31"]
[Time "22:02:46"]
[TimeControl "2700+45"]

1. d4 Nf6 2. c4 c5 3. Nf3 g6 4. Nc3 cxd4 5. Nxd4 e5 6. Nb3 Bg7 7. Nc5 d6 8. N5e4
Ke7 9. Nd5+ Nxd5 10. cxd5 Nd7 11. b3 f5 12. Ng5 Nb6 13. Bb2 h6 14. Nf3 Qg8 15.
e3 Qxd5 16. Qxd5 Nxd5 17. Nh4 Kf6 18. Rd1 Be6 19. Bc4 Nxe3 20. fxe3 Bxc4 21.
bxc4 Rad8 22. Rf1 a6 23. e4 f4 24. g3 Kg5 25. Nf3+ Kg4 26. Kf2 Rhf8 27. gxf4
Rxf4 28. Rg1+ Kh5 29. Bc1 Rxe4 30. Nd2 Rf8+ 31. Kg2 Re2+ 32. Kh1 Rff2 33. Nf1
Rxa2 34. Rd2 Rfxd2 35. Bxd2 Rc2 36. Ng3+ Kh4 37. Ne4 Rxc4 38. Nxd6 Rd4 39. Be1+
Kh5 40. Nxb7 Rd1 41. Bf2 Rxg1+ 42. Kxg1 Kg5 43. Nc5 a5 44. Ne6+ Kf6 45. Nxg7
Kxg7 46. Bc5 Kf6 47. Kf2 Kf5 48. Ke3 e4 49. Bf8 h5 50. Bh6 a4 51. Bg7 a3 52. Bh8
a2 53. Bg7 g5 54. Bd4 g4 55. Bb2 h4 56. Kf2 Kf4 57. Bc1+ e3+ 58. Ke2 a1=Q 59.
Bxe3+ Ke4 60. Bf2 Qa6+ 61. Ke1 Kf3 62. Bxh4 Qe2# {White checkmated} 0-1

[Event "Team 45 45 League T38"]
[Site "Internet Chess Club"]
[Date "2008.07.26"]
[Round "1"]
[White "alaskauk"]
[Black "Tomate"]
[Result "0-1"]
[WhiteElo "1479"]
[BlackElo "1438"]
[Opening "Sicilian: dragon variation"]
[ECO "B70"]
[Time "08:30:34"]
[TimeControl "2700+45"]

1. e4 c5 2. Nf3 d6 3. d4 cxd4 4. Nxd4 Nf6 5. Nc3 g6 6. Bc4 Bg7 7. O-O O-O 8. Be3
Nc6 9. Nxc6 bxc6 10. Qd2 a6 11. Bb3 Bb7 12. f3 Qc7 13. Rab1 Rad8 14. Rfd1 e6 15.
Bg5 Rd7 16. Bxf6 Bxf6 17. Ne2 d5 18. exd5 cxd5 19. c3 Rfd8 20. Qe3 Be7 21. Kh1
Bc5 22. Qf4 Qb6 23. Rd3 a5 24. Ba4 Rd6 25. b4 axb4 26. cxb4 Bf2 27. Qh6 Ba6 28.
b5 Bb7 29. f4 Qa5 30. Bb3 Qxb5 31. Bc2 Qc6 32. Nc3 d4 33. Rh3 Qxg2# {White
checkmated} 0-1

[Event "Team 45 45 League T38"]
[Site "Internet Chess Club"]
[Date "2008.07.25"]
[Round "1"]
[White "katabatico"]
[Black "kingphisch"]
[Result "0-1"]
[WhiteElo "1382"]
[BlackElo "1477"]
[Opening "Caro-Kann: advance variation"]
[ECO "B12"]
[Time "12:00:35"]
[TimeControl "2700+45"]

1. e4 c6 2. d4 d5 3. e5 Bf5 4. c3 e6 5. a3 Ne7 6. Bg5 Nd7 7. Nf3 Qb6 8. b3 Rc8
9. b4 h6 10. Be3 Qc7 11. Be2 b6 12. Ba6 Rb8 13. Be2 c5 14. Bb5 cxd4 15. cxd4 Ng6
16. Nbd2 Be7 17. Rc1 Qd8 18. Nh4 Nxh4 19. O-O O-O 20. Qa4 Rb7 21. Rc3 Rc7 22.
Bc6 Nb8 23. Rfc1 Bg5 24. f4 Be7 25. Nf1 Be4 26. g3 Nf5 27. Nd2 Nxe3 28. Rxe3
Nxc6 29. Rxc6 Rxc6 30. Qxc6 Qc8 31. Qxc8 Rxc8 32. Nxe4 dxe4 33. Rxe4 Rc3 34. a4
Rc4 {White resigns} 0-1

[Event "Team 45 45 League T38"]
[Site "Internet Chess Club"]
[Date "2008.07.27"]
[Round "1"]
[White "bajerk"]
[Black "Visin"]
[Result "1/2-1/2"]
[WhiteElo "1324"]
[BlackElo "1201"]
[Opening "Bishop's opening"]
[ECO "C23"]
[Time "12:00:43"]
[TimeControl "2700+45"]

1. e4 e5 2. Bc4 Nc6 3. a3 Nf6 4. d3 h6 5. Nc3 a6 6. Nf3 d6 7. h3 b5 8. Ba2 Bb7
9. Nd5 Nd4 10. Be3 Nxf3+ 11. Qxf3 Nxd5 12. Bxd5 Bxd5 13. exd5 Be7 14. b4 Bg5 15.
c4 O-O 16. Qh5 f5 17. Bxg5 Qxg5 18. Qxg5 hxg5 19. Kd2 Rfe8 20. Kc3 e4 21. Rhe1
exd3 22. Kxd3 Kf7 23. f3 f4 24. Re4 bxc4+ 25. Kxc4 Rxe4+ 26. fxe4 Re8 27. Kd4
Ke7 28. Re1 Kd7 29. e5 c6 30. e6+ Kc7 31. Rc1 Kb6 32. Rxc6+ Kb7 33. Rxd6 Re7 34.
Rd7+ Rxd7 35. exd7 Kc7 36. Ke5 Kxd7 37. Kf5 Kd6 38. Kxg5 Kxd5 39. Kxf4 Kc4 40.
g4 Kb3 41. Kf5 Kxa3 42. Kg6 Kxb4 43. Kxg7 a5 44. h4 a4 45. h5 a3 46. h6 a2 47.
g5 a1=Q+ 48. Kg6 Qa6+ 49. Kg7 Qb7+ 50. Kg6 Qe4+ 51. Kg7 Qe5+ 52. Kg6 Qe6+ 53.
Kg7 Qe7+ {Game drawn by mutual agreement} 1/2-1/2

[Event "Team 45 45 League T38"]
[Site "Internet Chess Club"]
[Date "2008.07.27"]
[Round "1"]
[White "betto2506"]
[Black "otib2006"]
[Result "0-1"]
[WhiteElo "1437"]
[BlackElo "1317"]
[Opening "Sicilian: dragon variation"]
[ECO "B70"]
[Time "11:11:25"]
[TimeControl "2700+45"]

1. e4 c5 2. Nf3 d6 3. d4 cxd4 4. Nxd4 Nf6 5. Nc3 g6 6. Bb5+ Bd7 7. Bxd7+ Nbxd7
8. Be3 Bg7 9. Qd2 O-O 10. h3 Nc5 11. f3 a6 12. Nde2 b5 13. Ng3 b4 14. Nd5 Nxd5
15. Qxd5 Bxb2 16. Rb1 Bc3+ 17. Kf2 e6 18. Qc4 Rc8 19. Rhd1 a5 20. a3 Na4 21. Qb5
Nb2 22. Bb6 Nxd1+ 23. Rxd1 Rb8 24. Bxd8 Rxb5 25. Be7 Re8 26. Bxd6 b3 27. cxb3
Rxb3 28. Ne2 Rb2 29. Rc1 Rc8 30. Rd1 Bf6 31. g3 Rcc2 32. e5 Rxe2+ 33. Kf1 Rf2+
34. Kg1 Rg2+ 35. Kf1 Rbf2+ 36. Ke1 Ra2 37. Kf1 Rh2 38. Kg1 Bd8 39. Bc5 Rxh3 40.
Bf2 Rxa3 41. Rxd8+ Kg7 42. Kg2 Rh5 43. f4 g5 44. Ra8 gxf4 45. gxf4 Rah3 46. Bg3
Rh1 47. Rxa5 Rb1 48. Ra7 Rb2+ 49. Kf3 Rb3+ 50. Kg2 Rb2+ 51. Kf3 Rh3 52. Ra3 f6
53. exf6+ Kxf6 54. Kg4 Rh1 55. Re3 h5+ 56. Kf3 Rh3 57. Ke4 Rb4+ 58. Kd3 Rb3+ 59.
Ke4 Rxe3+ 60. Kxe3 Rxg3+ 61. Kf2 Rg8 {White resigns} 0-1

[Event "Team 45 45 League T38"]
[Site "Internet Chess Club"]
[Date "2008.07.29"]
[Round "1"]
[White "peterdiplaros"]
[Black "werty"]
[Result "0-1"]
[WhiteElo "1425"]
[BlackElo "1506"]
[Opening "Queen's pawn game"]
[ECO "D00"]
[Time "14:00:23"]
[TimeControl "2700+45"]

1. d4 d5 2. e3 g6 3. b3 Bg7 4. Bb2 Nf6 5. g3 O-O 6. Bg2 c6 7. Ne2 Re8 8. Nf4 Bf5
9. O-O Nbd7 10. Nd2 e5 11. dxe5 Nxe5 12. Rb1 Qd7 13. Qe2 Bxc2 14. Rbc1 Bf5 15.
Rfd1 Qe7 16. Nf3 Nxf3+ 17. Bxf3 Ne4 18. Bxg7 Kxg7 19. Qb2+ Kg8 20. g4 Bd7 21.
Rd4 f5 22. gxf5 Bxf5 23. Kf1 Nd6 24. a4 Qg7 25. Qa3 Qe7 26. Qb2 Qe5 27. h4 Be4
28. Bxe4 Nxe4 29. Ke2 Rf8 30. Rg1 c5 31. Rd2 Qxb2 32. Rxb2 b6 33. f3 Nf6 34. Rg5
d4 35. exd4 cxd4 36. Kd3 Rfe8 37. h5 Kf7 38. hxg6+ hxg6 39. Rxg6 Re3+ 40. Kxd4
Rxf3 41. Ng2 Rd8+ 42. Kc4 Kxg6 43. Nh4+ Kf7 44. Nxf3 Ke6 45. Re2+ Kd7 46. Ne5+
Kc7 47. Kb5 Rd5+ 48. Ka6 Ra5# {White checkmated} 0-1

[Event "Team 45 45 League T38"]
[Site "Internet Chess Club"]
[Date "2008.07.25"]
[Round "1"]
[White "sdcohle"]
[Black "Heraclitus"]
[Result "0-1"]
[WhiteElo "1372"]
[BlackElo "1552"]
[Opening "Queen's gambit declined"]
[ECO "D30"]
[Time "22:00:14"]
[TimeControl "2700+45"]

1. d4 d5 2. c4 e6 3. Nf3 Nf6 4. e3 Nbd7 5. Nc3 b6 6. Bd3 Be7 7. O-O O-O 8. Re1
Bb7 9. cxd5 Nxd5 10. Nxd5 exd5 11. b3 c5 12. Bb2 Rc8 13. Rc1 Re8 14. Qc2 h6 15.
Qd1 Bd6 16. Re2 Nf6 17. h3 a6 18. Rec2 Ne4 19. a4 Qe7 20. Qe2 Ra8 21. Nd2 f5 22.
Qf1 f4 23. exf4 Bxf4 24. Re1 Bxd2 25. Rxd2 Nxd2 26. Rxe7 Nxf1 27. Rxe8+ Rxe8 28.
Kxf1 Rc8 29. Be2 c4 30. bxc4 dxc4 31. Bc3 Bd5 32. f3 b5 {White resigns} 0-1

[Event "Team 45 45 League T38"]
[Site "Internet Chess Club"]
[Date "2008.07.26"]
[Round "1"]
[White "medsurg"]
[Black "bjc"]
[Result "1-0"]
[WhiteElo "1458"]
[BlackElo "1320"]
[Opening "Sicilian: accelerated fianchetto, modern variation"]
[ECO "B34"]
[Time "17:00:29"]
[TimeControl "2700+45"]

1. e4 c5 2. Nf3 Nc6 3. d4 cxd4 4. Nxd4 g6 5. Nc3 Bg7 6. Nxc6 bxc6 7. Be3 Nf6 8.
Qd2 O-O 9. Bd3 Qc7 10. Bh6 Ng4 11. Bxg7 Kxg7 12. O-O-O d6 13. h3 Ne5 14. Be2 Be6
15. f4 Nc4 16. Bxc4 Bxc4 17. Qd4+ f6 18. Qxc4 Rab8 19. h4 h5 20. Rde1 a5 21. f5
Rb4 22. Qe6 a4 23. a3 Rb6 24. fxg6 Qb7 25. Qa2 Rb8 26. Qf7+ {Black resigns} 1-0

[Event "Team 45 45 League T38"]
[Site "Internet Chess Club"]
[Date "2008.07.29"]
[Round "1"]
[White "pmatlock"]
[Black "wisebard777"]
[Result "1-0"]
[WhiteElo "1302"]
[BlackElo "1101"]
[Opening "Ruy Lopez: four knights (Tarrasch) variation"]
[ECO "C77"]
[Time "19:58:47"]
[TimeControl "2700+45"]

1. e4 e5 2. Nf3 Nc6 3. Bb5 a6 4. Ba4 Nf6 5. Nc3 Be7 6. O-O b5 7. Bb3 O-O 8. Re1
d6 9. Nd5 Bg4 10. Nxf6+ Bxf6 11. Bd5 Qd7 12. h3 Bh5 13. g4 Bg6 14. g5 Be7 15.
Nh4 Qxh3 16. Nxg6 hxg6 17. Bxc6 Bxg5 18. d3 Bxc1 19. Rxc1 Rad8 20. Re3 Qh6 21.
Bd5 Kh7 22. Qg4 Rde8 23. Rh3 {Black resigns} 1-0

[Event "Team 45 45 League T38"]
[Site "Internet Chess Club"]
[Date "2008.07.26"]
[Round "1"]
[White "akdog3"]
[Black "RONENOSH9"]
[Result "1-0"]
[WhiteElo "2252"]
[BlackElo "2116"]
[Opening "Caro-Kann: Panov-Botvinnik attack"]
[ECO "B13"]
[Time "13:01:11"]
[TimeControl "2700+45"]

1. e4 c6 2. d4 d5 3. exd5 cxd5 4. c4 Nf6 5. Nc3 Nc6 6. Nf3 e6 7. c5 g6 8. Bb5
Bg7 9. O-O O-O 10. Re1 Ne7 11. Bd3 Nc6 12. a3 Ne4 13. Bxe4 dxe4 14. Rxe4 f5 15.
Bg5 Qd7 16. Rh4 b6 17. cxb6 axb6 18. Qb3 Bb7 19. Rd1 Na5 20. Qb5 Bc6 21. Qe2
Rfe8 22. Ne5 Qb7 23. f3 Rac8 24. Rh3 Bd5 25. Qf2 Bb3 26. Re1 Nc4 27. f4 Nxe5 28.
fxe5 Bd5 29. Qh4 Bf8 30. Bf6 Rc4 31. Nxd5 exd5 32. e6 h6 33. e7 Bxe7 34. Bxe7
Rc7 35. Qxh6 {Black resigns} 1-0

[Event "Team 45 45 League T38"]
[Site "Internet Chess Club"]
[Date "2008.07.30"]
[Round "1"]
[White "Ser-Enigma"]
[Black "Petrozjan"]
[Result "1/2-1/2"]
[WhiteElo "2080"]
[BlackElo "2063"]
[Opening "English: four knights, kingside fianchetto"]
[ECO "A29"]
[Time "15:07:58"]
[TimeControl "2700+45"]

1. c4 e5 2. Nc3 Nf6 3. Nf3 Nc6 4. g3 Bb4 5. Nd5 Bc5 6. Bg2 O-O 7. d3 h6 8. a3 a5
9. Bd2 d6 10. O-O Nxd5 11. cxd5 Ne7 12. e4 f5 13. Be3 fxe4 14. dxe4 Bxe3 15.
fxe3 Bg4 16. Qb3 Qd7 17. Rac1 b6 18. Qc2 Rac8 19. Nd2 Rxf1+ 20. Bxf1 c5 21. Nc4
Rb8 22. a4 Qc7 23. Ra1 {Game drawn by mutual agreement} 1/2-1/2

[Event "Team 45 45 League T38"]
[Site "Internet Chess Club"]
[Date "2008.07.27"]
[Round "1"]
[White "menorca"]
[Black "NFork"]
[Result "0-1"]
[WhiteElo "2182"]
[BlackElo "2126"]
[Opening "English: symmetrical variation"]
[ECO "A37"]
[Time "10:09:10"]
[TimeControl "2700+45"]

1. c4 c5 2. Nc3 Nc6 3. g3 g6 4. Bg2 Bg7 5. Nf3 a6 6. O-O Rb8 7. Qa4 d6 8. Rd1
Bd7 9. Qc2 b5 10. cxb5 axb5 11. d3 b4 12. Ne4 f5 13. Neg5 h6 14. Nh3 b3 15. axb3
g5 16. Nhxg5 hxg5 17. Nxg5 Nd4 18. Qc4 e6 19. Qa6 Nxe2+ 20. Kf1 Nxc1 21. Qxd6
Rb6 22. Qxc5 Nxb3 23. Qe3 Bd4 24. Qf4 e5 25. Re1 Nxa1 26. Qxd4 Qxg5 27. Rxe5+
Re6 28. Rxe6+ Bxe6 29. Bc6+ Kf8 30. Qxh8 Qc1+ 31. Ke2 Qc2+ 32. Ke3 Qxc6 33. Qe5
Kf7 34. b4 Nc2+ 35. Kf4 Nxb4 36. Qd4 Qc1+ 37. Kf3 Bd5+ 38. Ke2 Qc2+ 39. Ke3 Qb3
40. Kf4 Ne7 41. Kg5 Nxd3 42. h4 Qd1 43. Qf6+ Ke8 44. Qh8+ Kd7 45. f3 Qxf3 46.
Kf6 Qxg3 47. Qh7 Qe5+ 48. Kg5 Bg8 49. Qh5 Qg7+ {White resigns} 0-1

[Event "Team 45 45 League T38"]
[Site "Internet Chess Club"]
[Date "2008.07.28"]
[Round "1"]
[White "nardz"]
[Black "Lluis83"]
[Result "1-0"]
[WhiteElo "2125"]
[BlackElo "2138"]
[Opening "Nimzo-Indian: classical variation"]
[ECO "E32"]
[Time "19:57:19"]
[TimeControl "2700+45"]

1. d4 Nf6 2. c4 e6 3. Nc3 Bb4 4. Qc2 O-O 5. a3 Bxc3+ 6. Qxc3 Ne4 7. Qc2 f5 8.
Nh3 d6 9. f3 Nf6 10. e3 e5 11. Be2 e4 12. Bd2 Qe7 13. O-O-O a6 14. Nf2 c6 15.
fxe4 Nxe4 16. Nxe4 fxe4 17. Rdf1 Nd7 18. Rxf8+ Nxf8 19. Rf1 b5 20. Rf4 d5 21.
Bb4 Qxb4 22. axb4 bxc4 23. Bg4 g5 24. Rxe4 dxe4 25. Qxc4+ Kh8 26. Qxc6 {Black
resigns} 1-0